 Dungeon Sprint DCSS version 0.21.1-1-g345015f (webtiles) character file.

6336 Fang the Severer (level 10, -12/114 HPs)
             Began as a Gargoyle Berserker on June 27, 2018.
             Was the Champion of Trog.
             Mangled by a tyrant leech (30 damage)
             ... in the Dungeon (Sprint VII: "The Pits").
             The game lasted 00:05:00 (1934 turns).

Fang the Severer (Gargoyle Berserker)               Turns: 1934, Time: 00:05:00

Health: -12/114    AC:  9    Str: 33    XL:     10   Next: 96%
Magic:  3/3        EV: 15    Int:  7    God:    Trog [******]
Gold:   0          SH:  0    Dex: 12    Spells: 9/9 levels left

rFire    . . .     SeeInvis .   n - +6 battleaxe (antimagic)
rCold    . . .     Gourm    .   (shield currently unavailable)
rNeg     + . .     Faith    .   b - +0 animal skin
rPois    ∞         Spirit   .   (no helmet)
rElec    +         Reflect  .   (no cloak)
rCorr    .         Harm     .   (no gloves)
MR       .....     NoTele   +   (no boots)
Stlth    ..........             (no amulet)
HPRegen  0.29/turn              s - +3 ring of dexterity
MPRegen  0.08/turn              q - +3 ring of strength

@: berserking (expiring), very quick
A: negative energy resistance 1, electricity resistance, unbreathing,
petrification resistance, rot immunity, AC +7
a: Berserk, Trog's Hand, Brothers in Arms, Burn Spellbooks, Renounce Religion


You were in the Dungeon.
You worshipped Trog.
Trog was exalted by your worship.
You were near starving.

You visited 1 branch

Inventory:

Hand Weapons
 j - a +2 hand axe
 n - a +6 antimagic battleaxe (weapon)
 p - a +4 executioner's axe of chopping
 u - the +2 war axe of Dust {freeze, rN+ Str+4}
   (You found it in the Dungeon)

   It has been specially enchanted to freeze those struck by it, causing extra
   injury to most foes and up to half again as much damage against particularly
   susceptible opponents.
   It can also slow down cold-blooded creatures.
   It affects your strength (+4).
   It protects you from negative energy.
Armour
 b - a +0 animal skin (worn)
Jewellery
 q - a +3 ring of strength (right hand)
 s - a +3 ring of dexterity (left hand)
Scrolls
 i - a scroll of blinking
 k - 3 scrolls of remove curse
 l - a scroll of summoning
Potions
 a - 2 potions of invisibility
 d - 6 potions of curing
 e - 14 potions of heal wounds
 f - a potion of haste
 g - 4 potions of magic
 h - 4 potions of berserk rage
 o - a potion of brilliance {unknown}
 r - 2 potions of agility
 t - a potion of might
Comestibles
 c - 8 rations


   Skills:
 + Level 14.4 Fighting
 + Level 17.0 Axes
 + Level 4.8 Armour
 + Level 7.0 Dodging
 + Level 6.3 Stealth


You had 9 spell levels left.
You didn't know any spells.

Dungeon Overview and Level Annotations

Branches:
Dungeon (1/1)

Altars:
Cheibriados
Dithmenos
Elyvilon
Fedhas
Gozag
Hepliaklqana
Makhleb
Nemelex Xobeh
Okawaru
Qazlal
Ru
Sif Muna
Trog
Vehumet
Wu Jian
Xom
Yredelemnul
Zin
The Shining One
Beogh
Jiyva
Lugonu


Innate Abilities, Weirdness & Mutations

You are resistant to torment.
Your stone body is resilient. (AC +7)
You are immune to poison.
You resist negative energy. (rN+)
You are resistant to electric shocks. (rElec)
You can survive without breathing.
You are immune to petrification.
You are immune to rotting.


Message History

The merfolk dies!
Trog accepts your kill.
Your Dodging skill increases to level 7!
Unknown command.
Your deep troll barely misses the water elemental. x2
Your deep troll claws the water elemental!
Your stone giant hits the water elemental!!
The water elemental is destroyed!
Trog accepts your kill.
Your Axes skill increases to level 17!
The tyrant leech bites you!
* * * LOW HITPOINT WARNING * * *
Things that are here:
a trident; a merfolk corpse You slice the tyrant leech!!
The tyrant leech is moderately wounded.
You closely miss the tyrant leech.
The tyrant leech is moderately wounded.
The tyrant leech bites you!!
You die...

..###..###'###.).##'##...#
..##.(##.....##..#...#...#.
####..')......'..'...'...'.
####.)##.....##.E#...# ..#
[[###((###'###..T##m##...#
[[# ##....).....##F..#..#
.)# #...##)##.)###...'.#
))##...##)÷.##.T##...###
))##..###...###C@wo..#
###### ##### ########


You could see a tyrant leech, an orc, a friendly stone giant (berserk) and a
friendly deep troll (berserk).

Vanquished Creatures
  A flayed ghost (D)
  2 cyclopes (D)
  A black mamba (D)
  A spiny frog (D)
  A demonic crawler (D)
  A tyrant leech (D)
  4 blink frogs (D)
  2 flying skulls (D)
  A shadow (D)
  Grum (D)
  A basilisk (D)
  3 fire bats (D)
  A hungry ghost (D)
  An orc warrior (D)
  3 wolves (D)
  A centaur (D)
  Blork the orc (D)
  3 killer bees (D)
  2 crimson imps (D)
  2 orc priests (D)
  A gnoll shaman (D)
  2 orc wizards (D)
  An iguana (D)
  A mummy (D)
  3 gnolls (D)
  A river rat (D)
  A white imp (D)
  An ooze (D)
  An adder zombie (D)
  3 leopard geckos (D)
  2 orcs (D)
  A bat skeleton (D)
  A hobgoblin (D)
  A kobold (D)
  A frilled lizard (D)
  A giant cockroach zombie (D)
  A rat (D)
56 creatures vanquished.

Vanquished Creatures (collateral kills)
  A merfolk aquamancer (D)
  A spiny frog (D)
  A rime drake (D)
  A hellwing (D)
  2 merfolk (D)
  A water elemental (D)
7 creatures vanquished.

Grand Total: 63 creatures vanquished

Notes
Turn   | Place    | Note
-------+----------+-------------------------------------------
     0 | D        | Fang the Gargoyle Berserker began the quest for the Orb.
     0 | D        | Reached XP level 1. HP: 14/14 MP: 1/1
    13 | D        | Reached skill level 3 in Axes
    18 | D        | Found a bloodstained altar of Trog.
    18 | D        | Found a deep blue altar of Sif Muna.
    18 | D        | Found a viscous altar of Jiyva.
    18 | D        | Found a hazy altar of Hepliaklqana.
    18 | D        | Found an opulent altar of Gozag.
    19 | D        | Found a glowing golden altar of the Shining One.
    19 | D        | Found a glowing silver altar of Zin.
    19 | D        | Found a basalt altar of Yredelemnul.
    19 | D        | Found a shimmering altar of Xom.
    19 | D        | Found an ornate altar of the Wu Jian Council.
    19 | D        | Found a sacrificial altar of Ru.
    19 | D        | Found a stormy altar of Qazlal.
    19 | D        | Found an iron altar of Okawaru.
    19 | D        | Found a sparkling altar of Nemelex Xobeh.
    19 | D        | Found a burning altar of Makhleb.
    19 | D        | Found a blossoming altar of Fedhas.
    19 | D        | Found a white marble altar of Elyvilon.
    19 | D        | Found a shadowy altar of Dithmenos.
    19 | D        | Found a snail-covered altar of Cheibriados.
    21 | D        | Found a radiant altar of Vehumet.
    21 | D        | Found a corrupted altar of Lugonu.
    21 | D        | Found a roughly hewn altar of Beogh.
    66 | D        | Reached ** piety under Trog
    82 | D        | Reached XP level 2. HP: 14/20 MP: 2/2
   239 | D        | Reached *** piety under Trog
   239 | D        | Reached skill level 4 in Axes
   241 | D        | Reached skill level 5 in Fighting
   241 | D        | Reached XP level 3. HP: 26/26 MP: 3/3
   372 | D        | Reached **** piety under Trog
   373 | D        | Reached skill level 1 in Stealth
   377 | D        | Reached ***** piety under Trog
   377 | D        | Reached skill level 5 in Axes
   377 | D        | Reached XP level 4. HP: 32/32 MP: 4/4
   380 | D        | Reached skill level 6 in Axes
   384 | D        | Reached XP level 5. HP: 11/38 MP: 5/5
   388 | D        | Reached skill level 7 in Axes
   636 | D        | Received a gift from Trog
   643 | D        | Noticed a flayed ghost
   646 | D        | Killed a flayed ghost
   646 | D        | Reached skill level 10 in Axes
   646 | D        | Reached XP level 6. HP: 48/48 MP: 2/6
   646 | D        | Reached XP level 7. HP: 52/52 MP: 2/7
   688 | D        | Noticed a hungry ghost
   688 | D        | Noticed Blork the orc
   692 | D        | Reached skill level 11 in Axes
   696 | D        | Reached skill level 10 in Fighting
   699 | D        | Killed Blork the orc
   699 | D        | Reached XP level 8. HP: 57/57 MP: 2/8
   764 | D        | Noticed a flying skull
   768 | D        | Killed a flying skull
   768 | D        | Reached ****** piety under Trog
   768 | D        | Reached skill level 12 in Axes
   769 | D        | Received a gift from Trog
   834 | D        | Got the +2 war axe of Dust {freeze, rN+ Str+4}
   911 | D        | Reached skill level 5 in Dodging
   915 | D        | Noticed a cyclops
   918 | D        | Reached skill level 13 in Axes
   919 | D        | Noticed a cyclops
   925 | D        | Noticed a tyrant leech
   925 | D        | Killed a cyclops
   925 | D        | Received a gift from Trog
   925 | D        | Reached XP level 9. HP: 64/64 MP: 9/9
   925 | D        | Killed a cyclops
   925 | D        | Reached skill level 14 in Axes
   925 | D        | Reached skill level 5 in Stealth
   934 | D        | Killed a tyrant leech
  1181 | D        | Noticed Grum
  1198 | D        | Reached skill level 15 in Axes
  1206 | D        | Killed Grum
  1594 | D        | Received a gift from Trog
  1594 | D        | Reached XP level 10. HP: 72/72 MP: 10/10
  1694 | D        | Reached skill level 16 in Axes
  1696 | D        | Received a gift from Trog
  1826 | D        | Noticed a spiny frog
  1829 | D        | Noticed a black mamba
  1836 | D        | Killed a spiny frog
  1836 | D        | Received a gift from Trog
  1841 | D        | Killed a black mamba
  1896 | D        | Noticed a spiny frog
  1896 | D        | Noticed a merfolk aquamancer
  1915 | D        | Killed a spiny frog
  1921 | D        | Killed a merfolk aquamancer
  1932 | D        | Reached skill level 17 in Axes
  1934 | D        | Mangled by a tyrant leech

Skill      XL: |  1  2  3  4  5  6  7  8  9 10 |
---------------+-------------------------------+-----
Axes           | 3 4 5 6 10 11 13 15 17 | 17.0
Fighting       | 4 5 6 7 9 10 11 12 14 | 14.4
Dodging        | 2 3 4 5 7 |  7.0
Armour         | 3 4 |  4.8
Stealth        | 1 3 4 5 6 |  6.3

Action                   |  1- 3 |  4- 6 |  7- 9 | 10-12 || total
-------------------------+-------+-------+-------+-------++-------
Melee: Hand axe          |    23 |    14 |       |       ||    37
       Battleaxe         |       |     2 |    15 |     7 ||    24
       War axe           |       |       |    44 |       ||    44
       Executioner's axe |       |       |       |    34 ||    34
Invok: Berserk           |     3 |     1 |     4 |     4 ||    12
       Brothers in Arms  |       |       |       |     2 ||     2
 Stab: Sleeping          |     1 |       |     1 |       ||     2
  Eat: Chunk             |       |     2 |     6 |     4 ||    12
       Ration            |       |       |     1 |       ||     1
Armor: Animal skin       |     4 |     4 |    11 |    17 ||    36
Dodge: Dodged            |    12 |     7 |    24 |    51 ||    94
